cohdb
Replays
Latest Replays
All Replays
Popular Replays
Top Player Replays
Match Explorer
How It Works
Community
CoH3 Stats
Reddit
Sign in to upload your games and track your stats! →
Sign in with Steam
Match 42769415
Unlisted
Match 42769415
Overview
Messages
Build Orders
End
Construct Weapon Support Center
Selects Special Operations Battlegroup
Selects M29 Weasel Recon Vehicle
Construct Weapon Support Center
M29 Weasel Recon Vehicle
M1919 Machine Gun Team
Engineer Squad
Bazooka Squad
Mechanized Support Center
M3 Armored Personnel Carrier
M3 Armored Personnel Carrier
Selects Raiding Flares
Designate Forward Repair Station
M3 Armored Personnel Carrier
Construct Medical Station
Mad
.
死者为大
White pigs delete the game
人老打不动游戏了
楚云飞
子清
XXxxxGxxxXX
0
0
Comments
sign in to comment!
No comments posted yet!